 Dungeon Crawl Stone Soup version 0.31.0-12-g77e489cdc1 (webtiles) character file.

Game seed: 223218280967827858

183 Silvore the Shield-Bearer (level 5, -2/41 HPs)
             Began as a Demonspawn Fighter on Feb 15, 2024.
             Slain by Edmund
             ... wielding a +4 flail of protection
              (13 damage)
             ... on level 4 of the Dungeon.
             The game lasted 00:04:07 (2810 turns).

Silvore the Shield-Bearer (Demonspawn Fighter)      Turns: 2810, Time: 00:04:07

Health: -2/41      AC:  6    Str: 18    XL:     5   Next: 35%
Magic:  5/5        EV:  9    Int:  8    God:
Gold:   80         SH:  9    Dex: 13    Spells: 4/4 levels left

rFire   . . .        a - +0 long sword
rCold   . . .        c - +0 buckler
rNeg    . . .        b - +0 scale mail
rPois   .            (helmet restricted)
rElec   .            (no cloak)
rCorr   .            (no gloves)
SInv    .            (no boots)
Will    .....        (no amulet) Stlth
                     (no ring)
HPRegen 0.26/turn    (no ring)
MPRegen 0.09/turn

%: no passive effects
@: no status effects
A: horns 1, condensation shield
a: no special abilities


You were on level 4 of the Dungeon.
You visited 1 branch of the dungeon, and saw 4 of its levels.

You collected 80 gold pieces.

Inventory:

Hand Weapons
 a - a +0 long sword (weapon)
Armour
 b - a +0 scale mail (worn)
 c - a +0 buckler (worn)
Jewellery
 g - an amulet of faith
 m - the ring "Murohut" {rF- rN+ AC+4 Str+4}
   (You found it on level 4 of the Dungeon)

   [ring of protection]

   AC+4:      It affects your AC (+4).
   Str+4:     It affects your strength (+4).
   rF-:       It makes you vulnerable to fire.
   rN+:       It protects you from negative energy.
Wands
 k - a wand of digging (5)
Scrolls
 d - a scroll of blinking
 l - 2 scrolls of revelation {unknown}
Potions
 e - 2 potions of mutation
 f - a potion of enlightenment
 h - 2 potions of lignification {unknown}
 i - 2 potions of degeneration {unknown}
 j - a potion of might


   Skills:
 + Level 3.5 Fighting
 + Level 2.9 Long Blades
 + Level 3.5 Armour
 + Level 1.3 Dodging
 + Level 3.6 Shields


You had 4 spell levels left.
You didn't know any spells.
Your spell library was empty.

Dungeon Overview and Level Annotations

Branches:
Dungeon (4/15)
 Temple: D:4-7

Altars:

Shops:
D:3 ?

Annotations:
D:4 2 transporters, Edmund


Innate Abilities, Weirdness & Mutations

You have a pair of small horns on your head.
A meltable shield of frost defends you. (SH +4)


Message History

The ball python is severely wounded.
The ball python bites you. The ball python constricts you.
You block the ball python's attack. The ball python constricts you.
You hit the ball python.
You kill the ball python!
You see here a ball python corpse.
A goblin comes into view. It is wielding a +0 club.
The goblin shouts!
A goblin is nearby!
A goblin is nearby!
The goblin hits you but does no damage.
You barely miss the goblin. The goblin hits you but does no damage.
You slash the goblin!
You kill the goblin!
Things that are here:
a +0 club; a goblin corpse You open the door.
Found a stone staircase leading down.
There is an open door here.
Edmund the Younger comes into view.
He is wielding a +4 flail of protection.
Edmund shouts!
Edmund is nearby!
Edmund says, "People accused me of being a cutpurse!"
You block Edmund's attack.
You hit Edmund but do no damage.
Edmund hits you with a +4 flail of protection!
You hit Edmund.
Edmund is lightly wounded.
Edmund completely misses you.
Edmund hits you with a +4 flail of protection!
You completely miss Edmund.
Edmund is lightly wounded.
Edmund hits you with a +4 flail of protection!
* * * LOW HITPOINT WARNING * * *
You hit Edmund but do no damage. You headbutt Edmund.
Edmund is lightly wounded.
Edmund grinds his teeth, and then sighs.
Edmund hits you with a +4 flail of protection!
You die...
Edmund whines, "They better pay attention to me now!"

####.# #+## #.#
##...## ##.# ##.....##
##..# ##.......##
#####...####....."...#
...........'..>......+
#####...####.........#
#...# ##.......# #...#
##!.@@.## ##.##
##......... #.#
#..#####.. #.# ....#
#. ##...# #.... #....#
.....#


You could see Edmund.

Vanquished Creatures
  A bombardier beetle (D:4)
  4 gnolls (D:3)
  6 adders
  A dart slug (D:2)
  A ribbon worm (D:3)
  2 orcs (D:3)
  5 ball pythons
  4 bats
  2 endoplasms (D:1)
  3 giant cockroaches
  5 goblins
  5 hobgoblins
  4 jackals (D:2)
  7 kobolds
  A quokka (D:2)
  3 frilled lizards
  4 rats
58 creatures vanquished.

Notes
Turn   | Place    | Note
-------+----------+-------------------------------------------
     0 | D:1      | Silvore the Demonspawn Fighter began the quest for the Orb.
     0 | D:1      | Reached XP level 1. HP: 18/18 MP: 1/1
   166 | D:1      | Gained mutation: You have a pair of small horns on your
                  | head. [demonic ancestry]
   166 | D:1      | Reached XP level 2. HP: 24/24 MP: 2/2
  1069 | D:2      | Reached XP level 3. HP: 27/29 MP: 3/3
  1570 | D:3      | Found Pyuqif's Magic Scroll Shop.
  1602 | D:3      | Gained mutation: A meltable shield of frost defends you.
                  | (SH +4) [demonic ancestry]
  1602 | D:3      | Reached XP level 4. HP: 29/35 MP: 4/4
  1708 | D:3      | Reached skill level 1 in Dodging
  2006 | D:3      | Reached XP level 5. HP: 38/41 MP: 5/5
  2586 | D:4      | Found a transporter.
  2598 | D:4      | Found a transporter.
  2652 | D:4      | Identified the ring "Murohut" {rF- rN+ AC+4 Str+4}
  2803 | D:4      | Noticed Edmund
  2810 | D:4      | Slain by Edmund

Illustrated notes

Levels and vault maps discovered:
D:1:      giann_forest_graveyard, layout_basic, serial_curves, eino_curves_01,
          eino_curves_01, eino_curves_03
D:2:      layout_basic
D:3:      layout_loops_ring, serial_shops, nicolae_shop_trees
D:4:      gammafunk_steamed_eel, layout_loops_corners, uniq_edmund, uniq_sigmund

Skill      XL: |  1  2  3  4 |
---------------+-------------+-----
Armour         | 3 |  3.5
Long Blades    | 2 |  2.9
Shields        | 3 |  3.6
Dodging        | 1 |  1.3
Fighting       | |  3.5

Action                     |  1- 3 |  4- 6 || total
---------------------------+-------+-------++-------
  Melee: Long sword        |   111 |    60 ||   171
         Headbutt          |    12 |    11 ||    23
    Use: Scroll            |     5 |     1 ||     6
         Potion            |       |     1 ||     1
 Armour: Scale mail        |    86 |    27 ||   113
  Dodge: Dodged            |    53 |    21 ||    74
  Block: Buckler           |    23 |    17 ||    40
